Map: Catalyst LE

Players

Probe - Winner!

  • Race: Protoss Protoss
  • Spawn Location: 5:00

BoO

  • Race: Zerg Zerg
  • Spawn Location: 11:00

Event: WCS Austin 2018

VOD

Have the link to the VOD?

Description

Time

  • Played on: June 1, 2018, 2:28 p.m.
  • Length: 8:59

All games in this series

Show
View Real Time Build Order
Export as new Build Order

Probe Protoss - Winner!

Build Orders: 1 Gate Expand, Oracle Opening, Phoenix Opening, Archon Immortal, Zealot Archon, Archon Drop 

Get SALT Encoding   

  12  0:00  Probe  
  13  0:12  Probe  
  14  0:18  Pylon  
  14  0:24  Probe  
  15  0:32  Probe  
  15  0:39  Gateway  
  15  0:41  Probe  
  16  0:48  Assimilator  
  17  0:51  Probe  
  18  1:03  Probe  
  19  1:16  Probe  
  20  1:25  Nexus  
  20  1:36  Cybernetics Core  
  20  1:39  Probe  
  21  1:45  Assimilator  
  21  1:51  Probe  
  22  1:54  Pylon  
  22  2:03  Probe  
  22  2:04  Adept  
  23  2:11  Probe  
  26  2:19  Probe  
  26  2:23  Stargate  
  27  2:30  Adept, Probe  
  27  2:36  Probe  
  30  2:37  Warp Gate  
  30  2:42  Probe  
  32  2:44  Probe  
  32  2:54  Probe x2  
  32  2:57  Adept  
  36  3:02  Phoenix  
  36  3:06  Probe x2  
  40  3:15  Pylon  
  40  3:18  Probe  
  40  3:19  Probe  
  42  3:20  Oracle  
  42  3:29  Gateway  
  42  3:30  Probe  
  42  3:33  Probe  
  47  3:38  Pylon  
  47  3:42  Probe  
  47  3:46  Probe  
  49  3:50  Assimilator  
  49  3:51  Assimilator  
  49  3:54  Probe  
  50  3:58  Probe  
  50  3:59  Robotics Facility  
  51  4:06  Twilight Council  
  51  4:07  Probe  
  52  4:11  Probe  
  53  4:19  Probe  
  53  4:22  Gateway x2  
  53  4:23  Probe  
  55  4:25  Charge  
  55  4:27  Pylon  
  55  4:31  Probe  
  56  4:35  Probe, Warp Prism  
  57  4:44  Pylon  
  57  4:48  Templar Archives  
  59  5:02  Nexus  
  59  5:04  Probe  
  60  5:10  Probe  
  61  5:19  Gateway  
  61  5:22  Probe  
  61  5:23  Gateway  
  61  5:24  Gateway  
  62  5:29  Probe  
  62  5:34  Probe  
  62  5:35  High Templar x3  
  70  5:36  High Templar  
  70  5:39  Archon  
  70  5:40  Archon  
  70  5:42  Probe  
  73  5:46  Pylon, Probe  
  73  5:47  Pylon x2  
  74  5:53  Forge  
  74  5:54  Probe  
  74  5:56  Pylon  
  75  5:59  Pylon  
  75  6:00  Probe  
  76  6:08  Probe  
  77  6:13  Zealot x4  
  77  6:17  Immortal  
  87  6:28  Zealot  
  87  6:29  Zealot x2  
  91  6:36  Protoss Ground Weapons Level 1  
  91  6:39  Psionic Storm  
  89  6:40  Probe  
  89  6:45  Probe x2  
  90  6:50  Observer  
  90  6:52  Probe  
  87  6:57  Probe  
  87  6:58  Sentry  
  87  6:59  Zealot x3, Probe  
  96  7:03  Immortal  
  96  7:04  Probe  
  97  7:09  Probe  
  97  7:11  Probe  
  99  7:16  Probe  
  99  7:19  High Templar x2  
  99  7:21  Assimilator, Pylon, Probe  
  99  7:22  Assimilator  
  109  7:23  Pylon  
  109  7:27  Gateway  
  109  7:29  Gateway  
  109  7:33  Gateway  
  109  7:37  Gateway  
  109  7:40  High Templar x2  
  109  7:43  Pylon  
  113  7:45  Zealot, Pylon  
  113  7:46  Immortal  
  119  7:52  Adept  
  121  8:07  Gateway, High Templar  
  121  8:08  Gateway, High Templar  
  121  8:09  Zealot x2  
  129  8:13  Zealot x3  
  129  8:16  Immortal  
  135  8:22  Pylon  
  135  8:23  Pylon  
  139  8:33  Zealot x4  
  147  8:36  Zealot x2  
  149  8:47  Archon  
  143  8:50  Archon  
  143  8:51  Archon  
  143  8:52  Zealot x5  
Show
View Real Time Build Order
Export as new Build Order

BoO Zerg 

Build Orders: Hatch First 

Get SALT Encoding   

  12  0:01  Drone  
  13  0:13  Overlord  
  13  0:17  Drone  
  14  0:31  Drone x2  
  16  0:36  Drone  
  17  0:55  Hatchery  
  16  0:58  Drone  
  16  1:00  Drone  
  16  1:03  Extractor  
  17  1:16  Spawning Pool  
  16  1:20  Drone  
  17  1:31  Drone x2  
  19  1:45  Overlord  
  19  2:03  Queen  
  19  2:07  Queen  
  19  2:08  Zergling x4  
  25  2:11  Drone  
  26  2:19  Metabolic Boost  
  26  2:23  Drone  
  26  2:28  Drone x2  
  29  2:45  Hatchery  
  28  2:52  Drone x3  
  31  3:03  Spine Crawler  
  29  3:14  Drone x5  
  34  3:31  Drone x2  
  34  3:32  Lair  
  36  3:34  Spore Crawler  
  36  3:36  Spore Crawler  
  36  3:38  Drone  
  36  3:39  Drone  
  36  3:45  Overlord x2  
  36  3:47  Overlord  
  36  3:55  Overlord  
  36  4:02  Queen  
  36  4:05  Spore Crawler  
  36  4:07  Drone x2, Roach Warren  
  38  4:10  Drone  
  38  4:15  Drone x2  
  38  4:17  Drone  
  42  4:20  Drone  
  43  4:29  Drone  
  43  4:30  Drone x4  
  47  4:37  Extractor  
  46  4:43  Extractor  
  46  4:44  Overseer  
  45  4:47  Glial Reconstitution  
  45  4:50  Zergling x8  
  45  4:51  Zergling x4  
  51  4:53  Drone  
  51  4:54  Drone x3  
  55  5:11  Roach x4  
  62  5:16  Drone x3  
  65  5:26  Overlord x3  
  65  5:41  Drone  
  65  5:42  Drone x2  
  66  5:43  Overlord x2  
  66  5:54  Extractor  
  66  5:56  Hydralisk Den  
  64  6:07  Roach x4  
  64  6:08  Roach x2  
  70  6:13  Roach x4  
  76  6:21  Zergling x2  
  76  6:22  Zergling x10  
  80  6:26  Roach  
  80  6:27  Roach x3  
  80  6:28  Roach  
  80  6:30  Queen x2  
  80  6:31  Queen  
  79  6:42  Ravager x2  
  73  6:47  Drone  
  73  6:50  Drone x6  
  73  6:51  Drone  
  78  6:59  Grooved Spines  
  78  7:00  Drone x2  
  79  7:06  Evolution Chamber  
  79  7:07  Queen  
  73  7:15  Drone  
  73  7:16  Drone x3  
  73  7:20  Drone, Zergling x2  
  79  7:27  Drone  
  80  7:30  Drone  
  80  7:31  Drone  
  82  7:38  Roach  
  82  7:40  Roach x2  
  88  7:44  Queen  
  88  7:46  Drone  
  91  7:55  Overlord x2  
  91  8:04  Overlord x3  
  91  8:14  Queen  
  91  8:15  Roach x2  
  91  8:19  Hydralisk  
  99  8:22  Hatchery  
  99  8:24  Lurker Den  
  99  8:27  Roach x3  
  103  8:37  Roach x2  
  103  8:38  Roach x3  
Tags
 
Add a new tag
Caveats
  • Supply blocks, unpowered buildings, or Contaminate may cause inaccurate times.
  • Supply counts are checked every 10 seconds.